 Dungeon Crawl Stone Soup version bcrawl-1.14.2-1-gc900083943 (webtiles) character file.

Game seed: 16126597639172445453

886 MisterOstroum the Vexing (level 8, -3/60 HPs)
             Began as a Gnoll Arcane Marksman on Sept 21, 2019.
             Slain by a bullfrog skeleton (6 damage)
             ... on level 5 of the Dungeon.
             The game lasted 00:08:34 (3839 turns).

MisterOstroum the Vexing (Gnoll Arcane Marksman)    Turns: 3839, Time: 00:08:35

Health: -3/60      AC:  5    Str: 14    XL:     8   Next: 5%
Magic:  6/16       EV: 15    Int: 16    God:
Gold:   433        SH:  0    Dex: 16    Spells: 15/18 levels left

rFire    . . .     SeeInvis .   a - +0 hand crossbow
rCold    . . .     Gourm    .   (no shield)
rNeg     . . .     Faith    .   p - +0 leather armour
rPois    .         Spirit   .   (no helmet)
rElec    .         Reflect  .   (no cloak)
rCorr    .         Harm     .   v - +0 pair of gloves
MR       .....                  s - +0 pair of boots (curse)
Stlth    ++........             (no amulet)
HPRegen  0.20/turn              i - +1 ring of slaying
MPRegen  0.15/turn              (no ring)

@: no status effects
A: distributed training, fangs 1, strong nose
a: no special abilities


You were on level 5 of the Dungeon.
You were not hungry.

You visited 1 branch of the dungeon, and saw 5 of its levels.

You collected 433 gold pieces.

Inventory:

Hand Weapons
 a - a +0 hand crossbow (weapon)
 b - a +2 dagger of venom
 l - a +1 dagger of venom
 x - a cursed -1 dagger
Missiles
 f - 206 bolts (quivered)
 k - 344 arrows
 n - 393 stones
 u - 64 tomahawks
Armour
 c - a +0 robe
 p - a +0 leather armour (worn)
 s - a cursed +0 pair of boots (worn)
 v - a +0 pair of gloves (worn)
Jewellery
 i - a +1 ring of slaying (left hand)
Wands
 r - a wand of digging (5)
Scrolls
 d - 3 scrolls of identify
 g - a scroll of immolation {unknown}
 h - a scroll of magic mapping {@r5 !r}
 j - 2 scrolls of amnesia {unknown}
 m - 2 scrolls of fear {unknown}
 o - 2 scrolls of enchant armour {unknown}
 t - a scroll of remove curse {unknown}
Potions
 A - a potion of ambrosia
Comestibles
 e - 8 rations {!d}


   Skills:
 + Level 3.9 Fighting
 + Level 2.8 Short Blades
 + Level 2.8 Long Blades
 + Level 2.8 Axes
 + Level 2.8 Maces & Flails
 + Level 2.8 Polearms
 + Level 2.8 Staves
 + Level 2.8 Slings
 + Level 2.8 Bows
 + Level 5.4 Crossbows
 + Level 2.8 Throwing
 + Level 2.8 Armour
 + Level 5.4 Dodging
 + Level 2.8 Stealth
 + Level 2.8 Shields
 + Level 2.8 Unarmed Combat
 + Level 5.8 Spellcasting
 + Level 2.3 Conjurations
 + Level 6.0 Hexes
 + Level 2.3 Charms
 + Level 2.3 Summonings
 + Level 2.3 Necromancy
 + Level 2.3 Translocations
 + Level 2.3 Transmutations
 + Level 2.3 Fire Magic
 + Level 2.3 Ice Magic
 + Level 2.3 Air Magic
 + Level 2.3 Earth Magic
 + Level 2.3 Poison Magic
 + Level 3.1 Invocations
 + Level 2.8 Evocations


You had 15 spell levels left.
You knew the following spells:

 Your Spells              Type           Power        Failure   Level  Hunger
a - Corona                Hex            ###....      1%          1    None
b - Shackle               Hex            ###.....     2%          2    #......

Your spell library contained the following spells:

 Spells                   Type           Power        Failure   Level  Hunger
 Slow                     Hex            ###.....     1%          1    None
 Magic Dart               Conj           ##..         7%          1    None
 Blink                    Tloc           N/A          10%         2    #......
 Call Imp                 Summ           ##......     10%         2    #......
 False Image              Hex/Summ       ###.....     10%         3    ##.....
 Inner Flame              Hex/Fire       N/A          10%         3    ##.....
 Cause Fear               Hex            ###.......   14%         4    ####...
 Conjure Flame            Conj/Fire      ##......     21%         3    ##.....
 Mephitic Cloud           Conj/Pois/Air  ##......     21%         3    ##.....
 Yara's Violent Unravell  Hex/Tmut       ###.......   30%         4    ####...


Dungeon Overview and Level Annotations

Branches:
Dungeon (5/12)
 Temple: D:4-7

Altars:
Qazlal
Trog

Shops:
D:4 [

Annotations:
D:3 2 transporters, petermcneter's ghost, amateur DsFi


Innate Abilities, Weirdness & Mutations

Your experience applies equally to all skills.
You have very sharp teeth.
Your uncanny sense of smell can sniff out nearby items.


Message History

Press: ? - help, Shift-Dir - straight line, f/p - iguana
Aim: an iguana (shackled, chance to defeat MR: 71%)
The iguana is outlined in light.
Firing (i - inventory. (/) - cycle)
f - 217 bolts (quivered)
Press: ? - help, Shift-Dir - straight line, f/p - iguana
Aim: an iguana (softly glowing, shackled)
You shoot a bolt. The bolt hits the iguana.
The iguana is lightly wounded.
Firing (i - inventory. (/) - cycle)
f - 216 bolts (quivered)
Press: ? - help, Shift-Dir - straight line, f/p - iguana
Aim: an iguana (lightly wounded, softly glowing, shackled)
You shoot a bolt. The bolt hits the iguana.
The iguana is moderately wounded.
Firing (i - inventory. (/) - cycle)
f - 215 bolts (quivered)
Press: ? - help, Shift-Dir - straight line, f/p - iguana
Aim: an iguana (moderately wounded, softly glowing, shackled)
You shoot a bolt. The bolt hits the iguana!
The iguana is severely wounded.
Firing (i - inventory. (/) - cycle)
f - 214 bolts (quivered)
Press: ? - help, Shift-Dir - straight line, f/p - iguana
Aim: an iguana (severely wounded, softly glowing, shackled)
You shoot a bolt.
The bolt hits the iguana but does no damage.
The iguana is severely wounded.
Firing (i - inventory. (/) - cycle)
f - 213 bolts (quivered)
Press: ? - help, Shift-Dir - straight line, f/p - iguana
Aim: an iguana (severely wounded, softly glowing, shackled)
You shoot a bolt. The bolt hits the iguana!
You kill the iguana!
Your Hexes skill increases to level 6!
You feel a little less agile now.
A bullfrog skeleton comes into view.
You see here 16 gold pieces.
Casting: Corona (safe; 1% risk of failure)
Confirm with . or Enter, or press ? or * to list all spells.
Aiming: Shackle (safe; 2% risk of failure)
Press: ? - help, Shift-Dir - straight line, f - bullfrog skeleton
Aim: a bullfrog skeleton (chance to defeat MR: 74%)
The bullfrog skeleton struggles to resist.
Casting: Shackle (safe; 2% risk of failure)
Confirm with . or Enter, or press ? or * to list all spells.
Aiming: Shackle (safe; 2% risk of failure)
Press: ? - help, Shift-Dir - straight line, f/p - bullfrog skeleton
Aim: a bullfrog skeleton (chance to defeat MR: 74%)
The bullfrog skeleton struggles to resist.
The bullfrog skeleton closely misses you.
Casting: Shackle (safe; 2% risk of failure)
Confirm with . or Enter, or press ? or * to list all spells.
Aiming: Corona (safe; 1% risk of failure)
Press: ? - help, Shift-Dir - straight line, f/p - bullfrog skeleton
Aim: a bullfrog skeleton (chance to defeat MR: 74%)
The bullfrog skeleton is outlined in light.
You feel a little less mighty now. The bullfrog skeleton hits you!
* * * LOW HITPOINT WARNING * * *
The bullfrog skeleton misses you.
Firing (i - inventory. (/) - cycle)
f - 212 bolts (quivered)
Press: ? - help, Shift-Dir - straight line, f/p - bullfrog skeleton
Aim: a bullfrog skeleton (softly glowing)
You shoot a bolt. The bolt hits the bullfrog skeleton.
The bullfrog skeleton is lightly damaged.
The bullfrog skeleton completely misses you.
Firing (i - inventory. (/) - cycle)
f - 211 bolts (quivered)
Press: ? - help, Shift-Dir - straight line, f/p - bullfrog skeleton
Aim: a bullfrog skeleton (lightly damaged, softly glowing)
You shoot a bolt. The bolt hits the bullfrog skeleton.
The bullfrog skeleton is moderately damaged.
The bullfrog skeleton hits you.
* * * LOW HITPOINT WARNING * * *
The bullfrog skeleton barely misses you.
Firing (i - inventory. (/) - cycle)
f - 210 bolts (quivered)
Press: ? - help, Shift-Dir - straight line, f/p - bullfrog skeleton
Aim: a bullfrog skeleton (moderately damaged, softly glowing)
You shoot a bolt. The bolt hits the bullfrog skeleton.
The bullfrog skeleton is heavily damaged.
The bullfrog skeleton closely misses you. x2
Firing (i - inventory. (/) - cycle)
f - 209 bolts (quivered)
Press: ? - help, Shift-Dir - straight line, f/p - bullfrog skeleton
Aim: a bullfrog skeleton (heavily damaged, softly glowing)
You shoot a bolt. The bolt hits the bullfrog skeleton!
The bullfrog skeleton is almost destroyed.
The bullfrog skeleton stops glowing.
The bullfrog skeleton closely misses you.
Firing (i - inventory. (/) - cycle)
f - 208 bolts (quivered)
Press: ? - help, Shift-Dir - straight line, f/p - bullfrog skeleton
Aim: a bullfrog skeleton (almost destroyed)
You shoot a bolt.
The bolt hits the bullfrog skeleton but does no damage.
The bullfrog skeleton is almost destroyed.
The bullfrog skeleton hits you!
* * * LOW HITPOINT WARNING * * *
The bullfrog skeleton misses you.
Firing (i - inventory. (/) - cycle)
f - 207 bolts (quivered)
Press: ? - help, Shift-Dir - straight line, f/p - bullfrog skeleton
Aim: a bullfrog skeleton (almost destroyed)
You shoot a bolt. The bolt hits the bullfrog skeleton.
The bullfrog skeleton is almost destroyed.
You hear the slow rusting of a drain nearby.
The bullfrog skeleton hits you.
You die...

,,,* *,* #.# #.# ,*,*
*,#######.### #.## ,*,*
*,..........# #..<
,*,*****,#######.#.# *******####
,,,,,,,,,* #.#.# **≈≈≈≈∩*
,,******,*#****#.#.# *,,≈≈≈≈* ,,*
*,,,..,##.#.# *,,≈≈≈≈* ,,*
*,***#.#....###...≈≈≈* ,,* *,*
#...@Z....$...≈≈* ,,* *,*
###..$.#.#....*** ,,* *,*
##.#.#.#**##* ,,******,* #?#.#,#
,,,,,,,,,* #.#.#,* *,******,*
#.#.#,**
*,,,,,,,,******#....,,*****
*,,*****,,,,,,,...#.,,,∆,,* *****
*,<*****,******##,∆.,,**∆,**#O...


You could see a bullfrog skeleton.

Vanquished Creatures
  A troll (D:4)
  2 ogres
  2 big kobolds (D:4)
  A scorpion (D:4)
  A crimson imp (D:4)
  A centaur zombie (D:5)
  3 iguanas
  An orc wizard (D:4)
  3 adders
  An ooze (D:4)
  3 worms
  3 dart slugs
  3 leopard geckos
  15 orcs
  5 bats
  A giant cockroach (D:2)
  4 goblins
  6 hobgoblins
  9 jackals
  16 kobolds
  4 quokkas
  A ball python (D:1)
  3 frilled lizards
  8 rats
97 creatures vanquished.

Notes
Turn   | Place    | Note
-------+----------+-------------------------------------------
     0 | D:1      | MisterOstroum the Gnoll Arcane Marksman began the quest for
                  | the Orb.
     0 | D:1      | Reached XP level 1. HP: 17/17 MP: 6/6
   108 | D:1      | Reached XP level 2. HP: 23/23 MP: 7/7
   112 | D:1      | Learned a level 2 spell: Shackle
   221 | D:1      | Reached XP level 3. HP: 28/28 MP: 9/9
   324 | D:1      | Reached skill level 5 in Spellcasting
   758 | D:2      | Reached skill level 1 in Invocations
  1571 | D:3      | Reached skill level 1 in Short Blades
  1571 | D:3      | Reached skill level 1 in Long Blades
  1571 | D:3      | Reached skill level 1 in Axes
  1571 | D:3      | Reached skill level 1 in Maces & Flails
  1571 | D:3      | Reached skill level 1 in Polearms
  1571 | D:3      | Reached skill level 1 in Staves
  1571 | D:3      | Reached skill level 1 in Slings
  1571 | D:3      | Reached skill level 1 in Bows
  1571 | D:3      | Reached skill level 1 in Throwing
  1571 | D:3      | Reached skill level 1 in Armour
  1571 | D:3      | Reached skill level 1 in Stealth
  1571 | D:3      | Reached skill level 1 in Shields
  1571 | D:3      | Reached skill level 1 in Unarmed Combat
  1571 | D:3      | Reached skill level 1 in Evocations
  1589 | D:3      | Reached XP level 4. HP: 34/34 MP: 11/11
  1838 | D:3      | Found a transporter.
  1839 | D:3      | Noticed petermcneter's ghost (amateur DsFi)
  2159 | D:3      | Found a transporter.
  2366 | D:4      | Found Kufa's Antique Armour Shop.
  2378 | D:4      | Reached skill level 1 in Conjurations
  2378 | D:4      | Reached skill level 1 in Charms
  2378 | D:4      | Reached skill level 1 in Summonings
  2378 | D:4      | Reached skill level 1 in Necromancy
  2378 | D:4      | Reached skill level 1 in Translocations
  2378 | D:4      | Reached skill level 1 in Transmutations
  2378 | D:4      | Reached skill level 1 in Fire Magic
  2378 | D:4      | Reached skill level 1 in Ice Magic
  2378 | D:4      | Reached skill level 1 in Air Magic
  2378 | D:4      | Reached skill level 1 in Earth Magic
  2378 | D:4      | Reached skill level 1 in Poison Magic
  2518 | D:4      | Noticed a troll
  2541 | D:4      | Reached XP level 5. HP: 21/40 MP: 8/12
  2559 | D:4      | Killed a troll
  2559 | D:4      | Reached skill level 5 in Crossbows
  2559 | D:4      | Reached skill level 5 in Dodging
  2559 | D:4      | Reached XP level 6. HP: 21/47 MP: 7/14
  2891 | D:4      | Reached XP level 7. HP: 52/52 MP: 15/15
  3291 | D:4      | Found a stormy altar of Qazlal.
  3410 | D:4      | Noticed a moth of wrath
  3413 | D:4      | Found a bloodstained altar of Trog.
  3688 | D:5      | Entered Level 5 of the Dungeon
  3744 | D:5      | Identified the cursed +0 robe of Coronation {-Tele rPois
                  | Str+10}
  3813 | D:5      | Reached XP level 8. HP: 20/60 MP: 13/16
  3824 | D:5      | Reached skill level 6 in Hexes
  3838 | D:5      | HP: 3/60 [bullfrog skeleton (8)]
  3839 | D:5      | Slain by a bullfrog skeleton

Skill      XL: |  1  2  3  4  5  6  7  8 |
---------------+-------------------------+-----
Spellcasting   | 5 |  5.8
Invocations    | 1 2 3 |  3.1
Short Blades   | 1 2 |  2.8
Long Blades    | 1 2 |  2.8
Axes           | 1 2 |  2.8
Maces & Flails | 1 2 |  2.8
Polearms       | 1 2 |  2.8
Staves         | 1 2 |  2.8
Slings         | 1 2 |  2.8
Bows           | 1 2 |  2.8
Throwing       | 1 2 |  2.8
Armour         | 1 2 |  2.8
Stealth        | 1 2 |  2.8
Shields        | 1 2 |  2.8
Unarmed Combat | 1 2 |  2.8
Evocations     | 1 2 |  2.8
Conjurations   | 1 2 |  2.3
Charms         | 1 2 |  2.3
Summonings     | 1 2 |  2.3
Necromancy     | 1 2 |  2.3
Translocations | 1 2 |  2.3
Transmutations | 1 2 |  2.3
Fire Magic     | 1 2 |  2.3
Ice Magic      | 1 2 |  2.3
Air Magic      | 1 2 |  2.3
Earth Magic    | 1 2 |  2.3
Poison Magic   | 1 2 |  2.3
Fighting       | 3 |  3.9
Crossbows      | 5 |  5.4
Dodging        | 5 |  5.4
Hexes          | 6 |  6.0

Action                   |  1- 3 |  4- 6 |  7- 9 || total
-------------------------+-------+-------+-------++-------
Melee: Dagger            |    13 |    25 |    69 ||   107
       Bite              |     2 |     4 |    11 ||    17
 Fire: Hand crossbow     |    77 |    62 |    47 ||   186
Throw: Stone             |       |     1 |       ||     1
 Cast: Corona            |     3 |     4 |     9 ||    16
       Shackle           |     1 |     8 |    14 ||    23
  Use: Scroll            |       |       |     2 ||     2
       Potion            |       |       |     2 ||     2
 Stab: Sleeping          |       |       |     1 ||     1
  Eat: Chunk             |     2 |     4 |     3 ||     9
Armor: Robe              |     5 |       |       ||     5
       Leather armour    |       |     1 |    12 ||    13
Dodge: Dodged            |    15 |    18 |    71 ||   104
